 Dungeon Crawl Stone Soup version 0.16-a0-1157-gec61f8e (webtiles) character file.

108 RobertPalmer the Cudgeler (level 4, 0/31 HPs)
             Began as an Octopode Fighter on Oct 8, 2014.
             Succumbed to an adder's poison
             ... on level 3 of the Dungeon.
             The game lasted 00:03:22 (2108 turns).

RobertPalmer the Cudgeler (Octopode Fighter)        Turns: 2108, Time: 00:03:22

Health: 0/31       AC:  1    Str: 20    XL:     4   Next: 87%
Magic:  4/4        EV: 10    Int: 16    God:
Gold:   135        SH:  9    Dex: 11    Spells: 0 memorised, 3 levels left

rFire  . . .     SeeInvis .     b - -1 short sword (curse)
rCold  . . .     Clarity  .     c - +0 shield
rNeg   . . .     SustAb   .     (helmet restricted)
rPois  .         Gourm    .     (no amulet)
rElec  .         Spirit   .     (no ring)
rCorr  .         Warding  .     (no ring)
rMut   .         Stasis   .     (no ring)
MR     .....                    (no ring)
Stlth  ++........               (no ring)
                                (no ring)
                                (no ring)
                                (no ring)

@: mighty, brilliant, lethally poisoned, flying (expiring), very slightly
contaminated, hasted, very quick, not resistant to hostile enchantments,
unstealthy
A: almost no armour, amphibious, 8 rings, constrict 8, camouflage 1, gelatinous
body 1
a: no special abilities


You were on level 3 of the Dungeon.
You were hungry.

You visited 1 branch of the dungeon, and saw 3 of its levels.

You collected 135 gold pieces.


Innate Abilities, Weirdness & Mutations

You cannot wear most types of armour.
You are amphibious.
You can wear up to eight rings at the same time.
You can use your tentacles to constrict many enemies at once.
Your skin changes colour to match your surroundings (Stealth).
Your rubbery body absorbs attacks (AC +1).


   Skills:
 - Level 3.0 Fighting
 + Level 4.9 Maces & Flails
 - Level 3.0 Dodging
 - Level 3.0 Shields


You had 3 spell levels left.
You didn't know any spells.

Inventory:

Hand weapons
 a - a +0 flail
 b - a cursed -1 short sword (weapon)
 l - a cursed -1 hand axe
 m - a +0 great sword
Missiles
 s - 15 poisoned needles
Armour
 c - a +0 shield (worn)
Comestibles
 d - 4 bread rations
 k - 3 meat rations
 p - a royal jelly
 q - a slice of pizza
Scrolls
 g - 2 scrolls of magic mapping
 n - a scroll of teleportation
Jewellery
 h - an uncursed ring of protection from magic {unknown}
Potions
 f - 3 potions of haste

Dungeon Overview and Level Annotations

Branches:
Dungeon (3/15)

Altars:
Kikubaaqudgha

#..................#.......#
#...
#########..........#.......#
#... ############.......#
#... #.......# #... #####
#######.# #... ...# #.# #...
#### #.## #.# #...
#...####..#### #.# #...
#......$..@..# #.# #...
#............#######.######
###............#..........#
#..............#..........#
#...##...###..##..........#
#.. #...####.##..<.......#
'. +...'..#..#######'####
#...##+##!##.........#
#.......#.##...).....#


There were no monsters in sight!


Message History

You feel sick.
Read which item? (? for menu, Esc to quit)
Okay, then.
Drink which item? (? for menu, Esc to quit)
You feel yourself speed up.
You are very lightly contaminated with residual magic.
Drink which item? (? for menu, Esc to quit)
You feel very mighty all of a sudden.
* * * LOW HITPOINT WARNING * * *
You feel sick.
* * * LOW HITPOINT WARNING * * *
You feel sick.
Found 10 gold pieces.
You are starting to lose your buoyancy.
Unknown command.
Unknown command.
Unknown command.
* * * LOW HITPOINT WARNING * * *
You feel sick.
Unknown command.
Unknown command.
Unknown command.
Unknown command.
Unknown command.
Unknown command.
You see here 10 gold pieces.
Unknown command.
Found a fizzy ruby potion.
Unknown command.
You die...

Action                   |  1- 3 |  4- 6 || total
-------------------------+-------+-------++-------
Melee: Short sword       |    69 |    28 ||    97
       Flail             |     3 |       ||     3
  Use: Scroll            |     6 |     1 ||     7
       Potion            |       |     6 ||     6
 Stab: Sleeping          |     2 |     1 ||     3
  Eat: Chunk             |     2 |     1 ||     3

Vault maps used:
D:1:      saegor_arrival_simple_a, minivault_25
D:3:      tgw_kikubaaqudgha, uniq_jessica

Notes
Turn   | Place    | Note
--------------------------------------------------------------
     0 | D:1      | RobertPalmer, the Octopode Fighter, began the quest for the Orb.
     0 | D:1      | Reached XP level 1. HP: 16/16 MP: 1/1
   115 | D:1      | Reached XP level 2. HP: 15/21 MP: 2/2
   328 | D:1      | Reached skill level 3 in Maces & Flails
   933 | D:1      | Reached XP level 3. HP: 26/26 MP: 3/3
  1473 | D:2      | Reached skill level 4 in Maces & Flails
  1646 | D:3      | Reached XP level 4. HP: 31/31 MP: 4/4
  1865 | D:3      | Found an ancient bone altar of Kikubaaqudgha.
  1865 | D:3      | Noticed a human
  1869 | D:3      | Killed a human
  1946 | D:3      | Noticed Jessica
  1955 | D:3      | Killed Jessica
  2083 | D:3      | HP: 3/31 [poisoned by an adder]
  2090 | D:3      | HP: 2/31 [poisoned by an adder]
  2096 | D:3      | HP: 1/31 [poisoned by an adder]
  2102 | D:3      | HP: 1/31 [poisoned by an adder]
  2108 | D:3      | Succumbed to an adder's poison

Vanquished Creatures
  Jessica (D:3)
  2 adders (D:3)
  2 giant mites
  2 worms (D:2)
  A giant gecko (D:2)
  An orc (D:1)
  2 giant cockroaches
  4 hobgoblins
  2 quokkas (D:3)
  2 ball pythons
  5 bats
  4 giant newts
  9 goblins
  7 kobolds (D:1)
  5 rats
49 creatures vanquished.

Vanquished Creatures (others)
  A human (D:3)
1 creature vanquished.

Grand Total: 50 creatures vanquished
